 Dungeon Crawl Stone Soup version 0.31-a0-844-gdc52ec4e09 (webtiles) character file.

Game seed: 10044517477242149972

73 BinkBink the Chopper (level 4, -1/41 HPs)
             Began as a Hill Orc Berserker on Sept 30, 2023.
             Was a Believer of Trog.
             Slain by an orc
             ... wielding a +0 war axe
              (7 damage)
             ... on level 2 of the Dungeon.
             The game lasted 00:03:49 (1965 turns).

BinkBink the Chopper (Hill Orc Berserker)           Turns: 1965, Time: 00:03:51

Health: -1/41      AC:  2    Str: 21    XL:     4   Next: 27%
Magic:  4/4        EV: 12    Int:  7    God:    Trog [**....]
Gold:   140        SH:  0    Dex: 13    Spells: 3/3 levels left

rFire   . . .        a - +0 hand axe
rCold   + . .        (no shield)
rNeg    . . .        r - +0 robe "Qudwysyix" {rPois rC+ Dex+3}
rPois   +            (no helmet)
rElec   +            (no cloak)
rCorr   +            (no gloves)
SInv    .            (no boots)
Will    .....        (no amulet)
Stlth   ++           j - ring "Eliguirue" {Wiz +Blink rElec Stlth+}
HPRegen 0.26/turn    l - ring of resist corrosion
MPRegen 0.09/turn

%: wizardry (x1)
@: no status effects
A: no striking features
a: Renounce Religion, Evoke Blink, Berserk, Trog's Hand


You were on level 2 of the Dungeon.
You worshipped Trog.
Trog was pleased with you.
You visited 1 branch of the dungeon, and saw 3 of its levels.

You collected 140 gold pieces.

Inventory:

Hand Weapons
 a - a +0 hand axe (weapon)
Armour
 b - a +0 animal skin
 c - a +2 robe of positive energy
 n - an orb of mayhem
 r - the +0 robe "Qudwysyix" (worn) {rPois rC+ Dex+3}
   (You found it on level 3 of the Dungeon)

   Dex+3:     It affects your dexterity (+3).
   rC+:       It protects you from cold.
   rPois:     It protects you from poison
Jewellery
 g - a ring of magical power
 j - the ring "Eliguirue" (left hand) {Wiz +Blink rElec Stlth+}
   (You took it off a kobold on level 2 of the Dungeon)

   [ring of wizardry]

   Wiz:       It improves your spell success rate.
   rElec:     It insulates you from electricity.
   +Blink:    It lets you blink.
   Stlth+:    It makes you more stealthy.
 l - a ring of resist corrosion (right hand)
Talismans
 f - a serpent talisman
Scrolls
 d - a scroll of blinking {unknown}
 e - 2 scrolls of fog {unknown}
 i - 2 scrolls of revelation {unknown}
 o - a scroll of identify {unknown}
 p - a scroll of teleportation {unknown}
 q - a scroll of enchant armour {unknown}
 s - a scroll of vulnerability {unknown}
Potions
 h - 2 potions of curing {unknown}
 k - a potion of heal wounds {unknown}
 m - 2 potions of might {unknown}


   Skills:
 + Level 4.5 Fighting
 + Level 5.0 Axes
 + Level 3.2 Armour
 - Level 1.5 Dodging


You had 3 spell levels left.
You didn't know any spells.
Your spell library was empty.

Dungeon Overview and Level Annotations

Branches:
Dungeon (3/15)

Altars:

Shops:
D:2 :

Annotations:
D:2 Terence


Message History

Terence closely misses you. The orc misses you.
The orc hits you with a +0 falchion.
You climb upwards.
There is a stone staircase leading down here.
The orc barely misses you. Terence attacks as he pursues you!
Terence hits you with a +0 mace. The orc barely misses you.
Terence attacks as he pursues you! Terence completely misses you.
Terence shouts, "Get ready for death!"
You barely miss Terence. Terence hits you with a +0 mace.
You barely miss Terence. Terence barely misses you.
You barely miss Terence. Terence hits you with a +0 mace.
You closely miss Terence. Terence hits you with a +0 mace.
You hit Terence but do no damage. Terence barely misses you.
You hit Terence but do no damage. Terence hits you with a +0 mace!
Terence barely misses you.
You barely miss Terence. Terence hits you with a +0 mace.
You hit Terence but do no damage. Terence closely misses you.
You closely miss Terence. You punch Terence.
Terence is lightly wounded.
Terence closely misses you.
You closely miss Terence.
Terence is lightly wounded.
Terence hits you with a +0 mace.
You hit Terence but do no damage.
Terence is lightly wounded.
Terence closely misses you.
You blink.
The orc hits you with a +0 war axe. The orc hits you with a +0 falchion.
* * * LOW HITPOINT WARNING * * *
The orc attacks as it pursues you! The orc barely misses you.
The orc attacks as it pursues you! The orc misses you.
The orc attacks as it pursues you! The orc closely misses you.
You feel ready to blink again. The orc attacks as it pursues you!
The orc hits you with a +0 war axe!
* * * LOW HITPOINT WARNING * * *
The orc attacks as it pursues you! The orc closely misses you.
The orc attacks as it pursues you! The orc misses you.
The orc attacks as it pursues you! The orc hits you with a +0 war axe!
You die...

.# #.# #.# #.# ##.#.##
.###.#######.# #.# #.#.#
[............# #.# #...#
..#########..## #.#########.##
..............###.........#.#
..#########...##...########.#
.#########....##........# #.#
..:...........##...####.# #.#
............o..o@#......###.#
..########.@#####.#......##.#####
..# #...# ####.............# ..#
#.o## #.........######.# ..# #..#
#.##.....## #.# #.#######.@#
#.######.# #.# ...........# #.#
#.# ##.# #.#######.## #.# #.#
#..# ...@..###.# #.# #.# #.##


You could see Terence and 2 orcs.

Vanquished Creatures
  2 adders (D:2)
  A gnoll (D:1)
  2 worms
  4 dart slugs
  An orc (D:2)
  3 bats
  4 endoplasms
  A giant cockroach (D:1)
  3 hobgoblins
  3 ball pythons
  5 frilled lizards
  A goblin (D:2)
  3 kobolds
  2 rats
35 creatures vanquished.

Notes
Turn   | Place    | Note
-------+----------+-------------------------------------------
     0 | D:1      | BinkBink the Hill Orc Berserker began the quest for the
                  | Orb.
     0 | D:1      | Reached XP level 1. HP: 19/19 MP: 1/1
   208 | D:1      | Reached XP level 2. HP: 27/27 MP: 2/2
   247 | D:1      | Reached XP level 3. HP: 13/33 MP: 3/3
   761 | D:2      | Identified the ring "Eliguirue" {Wiz +Blink rElec Stlth+}
   942 | D:2      | Reached ** piety under Trog
   943 | D:2      | Reached XP level 4. HP: 31/41 MP: 4/4
  1039 | D:2      | Found Tuepem's Book Emporium.
  1568 | D:3      | Reached skill level 5 in Axes
  1584 | D:3      | Identified the +0 robe "Qudwysyix" {rPois rC+ Dex+3}
  1824 | D:3      | Noticed Terence
  1965 | D:2      | Slain by an orc

Illustrated notes

Levels and vault maps discovered:
D:1:      grunt_arrival_crossed_arrows, layout_rooms
D:2:      minmay_general_purpose_star, layout_loops_ring, serial_shops, shop
D:3:      layout_basic, mainiacjoe_overflow_alcove_3, minmay_circle_x,
          uniq_terence

Skill      XL: |  1  2  3  4 |
---------------+-------------+-----
Fighting       | 4 |  4.5
Armour         | 3 |  3.2
Axes           | 5 |  5.0
Dodging        | |  1.5

Action                     |  1- 3 |  4- 6 || total
---------------------------+-------+-------++-------
  Melee: Hand axe          |    94 |    31 ||   125
         Punch             |       |     1 ||     1
Ability: Evoke Blink       |       |     2 ||     2
   Stab: Sleeping          |     3 |     2 ||     5
 Armour: Robe              |    45 |    21 ||    66
         Animal skin       |     1 |       ||     1
  Dodge: Dodged            |    50 |    34 ||    84

Table legend: (Time is in decaauts)
 A = Elapsed time spent in this place.
 B = Non-inter-level travel time spent in this place.
 C = Inter-level travel time spent in this place.
 D = Time resting spent in this place.
 E = Time spent auto-exploring this place.
 F = Levels seen in this place.
 G = Mean time per level.
                   A        B        C        D        E       F      G
               +--------+--------+--------+--------+--------+-----+--------+
         Total |   1973 |   1857 |    116 |      0 |   1458 |   3 |  657.7 |
       Dungeon |   1973 |   1857 |    116 |      0 |   1458 |   3 |  657.7 |
               +--------+--------+--------+--------+--------+-----+--------+

Top non-repeatable levels by time:
     D:2: 1042 daAuts
     D:1: 605 daAuts
     D:3: 326 daAuts
